Map: Ice and Chrome LE

Players

MaSa - Winner!

  • Race: Terran Terran
  • League: Master
  • Spawn Location: 1:00

Robbie (Rob)

  • Race: Protoss Protoss
  • League: Grandmaster
  • Spawn Location: 7:00

Event: DreamHack SC2 Masters 2020 Fall

VOD

Have the link to the VOD?

Description

Time

  • Played on: Sept. 5, 2020, 6:51 p.m.
  • Length: 7:21

All games in this series

Show
View Real Time Build Order
Export as new Build Order

MaSa Terran - Winner!

Build Orders: 1/1/1, Cyclone Opening 

Get SALT Encoding   

  12  0:00  SCV  
  13  0:12  SCV  
  14  0:17  Supply Depot  
  14  0:24  SCV  
  15  0:38  SCV  
  15  0:39  Barracks  
  15  0:42  Refinery  
  16  0:50  SCV  
  16  0:52  Refinery  
  17  1:03  SCV  
  18  1:04  Supply Depot  
  18  1:15  SCV  
  19  1:27  Orbital Command, Reaper  
  20  1:42  Factory  
  20  1:53  SCV  
  21  1:59  Marine  
  22  2:05  SCV  
  23  2:10  Bunker  
  23  2:17  SCV  
  23  2:19  Marine  
  25  2:26  Starport, Factory Tech Lab  
  25  2:29  SCV  
  26  2:37  Marine  
  26  2:41  Engineering Bay  
  27  2:49  Cyclone  
  30  2:55  Marine  
  30  2:56  Mag-Field Accelerator  
  31  3:17  Supply Depot  
  31  3:19  Missile Turret  
  31  3:39  Cyclone, SCV, Marine  
  36  3:43  Viking  
  38  3:56  Marine  
  39  4:17  Viking, Marine  
  39  4:18  Cyclone, SCV  
  43  4:30  SCV, Supply Depot  
  44  4:35  Marine  
  45  4:42  SCV  
  46  4:52  Viking, Cyclone  
  51  4:54  Supply Depot  
  51  5:07  Marine  
  51  5:08  SCV  
  53  5:24  SCV  
  52  5:31  Cyclone  
  55  5:41  Viking  
  54  5:51  SCV  
  54  5:53  Command Center  
  55  6:03  SCV  
  56  6:08  Cyclone  
  59  6:14  Viking  
  59  6:15  SCV  
  62  6:26  Barracks  
  62  6:27  SCV  
  62  6:28  Barracks Reactor  
  63  6:38  Barracks  
  63  6:46  Starport Reactor  
  63  6:48  Supply Depot  
  63  6:49  Supply Depot  
  63  7:05  SCV  
Show
View Real Time Build Order
Export as new Build Order

Robbie Protoss 

Build Orders: Proxy Void Ray 

Get SALT Encoding   

  12  0:01  Probe  
  13  0:13  Probe  
  14  0:17  Pylon  
  14  0:26  Probe (Chrono Boost)  
  15  0:36  Gateway  
  15  0:38  Probe (Chrono Boost)  
  16  0:45  Probe (Chrono Boost)  
  16  0:47  Assimilator  
  17  0:52  Probe  
  17  0:55  Assimilator  
  18  1:04  Probe  
  19  1:16  Probe  
  20  1:25  Cybernetics Core  
  20  1:28  Probe  
  21  1:41  Probe  
  22  1:50  Pylon  
  22  1:53  Probe  
  23  2:01  Warp Gate  
  23  2:08  Stargate, Adept (Chrono Boost), Probe  
  26  2:19  Pylon  
  26  2:29  Adept (Chrono Boost)  
  26  2:35  Probe  
  29  2:41  Pylon x2  
  29  2:43  Pylon  
  28  2:50  Void Ray (Chrono Boost)  
  32  3:02  Stalker  
  32  3:03  Pylon  
  34  3:22  Shield Battery  
  34  3:24  Shield Battery  
  34  3:25  Shield Battery  
  34  3:28  Probe  
  34  3:31  Void Ray  
  37  3:46  Probe  
  37  4:00  Shield Battery x2, Probe  
  38  4:09  Void Ray (Chrono Boost)  
  38  4:13  Probe  
  38  4:40  Void Ray (Chrono Boost)  
  42  5:04  Probe  
  42  5:07  Twilight Council  
  42  5:16  Void Ray, Probe  
  40  5:28  Stalker  
  41  5:42  Nexus  
  41  5:49  Probe  
  38  5:58  Dark Shrine  
  38  6:01  Probe  
  31  6:14  Probe  
  31  6:17  Stalker  
  34  6:35  Pylon  
  34  6:40  Pylon  
  34  6:44  Gateway  
  34  6:54  Stalker  

Tags
 
Add a new tag
Caveats
  • Supply blocks, unpowered buildings, or Contaminate may cause inaccurate times.
  • Supply counts are checked every 10 seconds.